 Dungeon Crawl Stone Soup version 0.27.1 (webtiles) character file.

Game seed: 11832911075801616169

45 voltaire321 the Chucker (level 3, -4/22 HPs)
             Began as a Kobold Hunter on Aug 29, 2021.
             Slain by Crazy Yiuf (12 damage)
             ... on level 3 of the Dungeon.
             The game lasted 00:04:48 (2822 turns).

voltaire321 the Chucker (Kobold Hunter)             Turns: 2822, Time: 00:04:49

Health: -4/22      AC:  4    Str:  9    XL:     3   Next: 90%
Magic:  2/3        EV: 11    Int: 12    God:
Gold:   79         SH:  7    Dex: 16    Spells: 2/2 levels left

rFire    . . .     SeeInvis .   a - +0 short sword
rCold    . . .     Faith    .   g - +0 kite shield
rNeg     . . .     Spirit   .   b - +1 leather armour
rPois    .         Reflect  .   (no helmet)
rElec    .         Harm     .   (no cloak)
rCorr    .         Rampage  .   (no gloves)
Will     .....                  (no boots)
Stlth    +++.......             (no amulet)
HPRegen  0.07/turn              (no ring)
MPRegen  0.08/turn              (no ring)

@: no status effects
A: small, no large weapons, nightstalker 3
a: no special abilities


You were on level 3 of the Dungeon.
You visited 1 branch of the dungeon, and saw 3 of its levels.

You collected 79 gold pieces.

Inventory:

Hand Weapons
 a - a +0 short sword (weapon)
Missiles
 c - 9 boomerangs (quivered)
 d - 2 throwing nets
Armour
 b - a +1 leather armour (worn)
 g - a +0 kite shield (worn)
Scrolls
 e - 2 scrolls of identify {unknown}
 h - a scroll of enchant weapon {unknown}
Potions
 f - 2 potions of attraction {unknown}


   Skills:
 + Level 2.8 Fighting
 + Level 4.7 Throwing
 + Level 3.1 Dodging
 + Level 2.7 Stealth
 + Level 0.1 Shields


You had 2 spell levels left.
You didn't know any spells.
Your spell library was empty.

Dungeon Overview and Level Annotations

Branches:
Dungeon (3/15)

Altars:
Kikubaaqudgha
Qazlal
Trog

Shops:
D:1 [

Annotations:
D:3 Crazy Yiuf


Innate Abilities, Weirdness & Mutations

You are small and have problems with some larger weapons.
You are completely attuned to the shadows.


Message History

You open the door.
Crazy Yiuf yells, "Announcement sanguine bag!"
Throw: 9 boomerangs
Press: ? - help, Q - select action, (/) - cycle Shift-Dir - straight line, f - Crazy Yiuf
Aim: Crazy Yiuf, wielding a +3 quarterstaff of chaos, wearing a +1 cloak and carrying a wand of digging (6) (66% to hit)
You throw a boomerang. The boomerang hits Crazy Yiuf.
Crazy Yiuf is moderately wounded.
Throw: 9 boomerangs
Press: ? - help, Q - select action, (/) - cycle Shift-Dir - straight line, f/p - Crazy Yiuf
Aim: Crazy Yiuf, wielding a +3 quarterstaff of chaos, wearing a +1 cloak and carrying a wand of digging (6) (moderately wounded, 66% to hit)
You throw a boomerang. The boomerang hits Crazy Yiuf.
Crazy Yiuf is moderately wounded.
Crazy Yiuf says, "Crazy?
Crazy!?
PORCUPINE!"
Crazy Yiuf drinks a potion.
Crazy Yiuf seems to speed up.
Throw: 9 boomerangs
Press: ? - help, Q - select action, (/) - cycle Shift-Dir - straight line, f/p - Crazy Yiuf
Aim: Crazy Yiuf, wielding a +3 quarterstaff of chaos, wearing a +1 cloak and carrying a wand of digging (6) (moderately wounded, fast, 66% to hit)
You throw a boomerang. The boomerang hits Crazy Yiuf.
Crazy Yiuf is moderately wounded.
Crazy Yiuf hits you but does no damage.
Crazy Yiuf cries, "You leg down broken song, no?"
You block Crazy Yiuf's attack.
Throw: 9 boomerangs
Press: ? - help, Q - select action, (/) - cycle Shift-Dir - straight line, f/p - Crazy Yiuf
Aim: Crazy Yiuf, wielding a +3 quarterstaff of chaos, wearing a +1 cloak and carrying a wand of digging (6) (moderately wounded, fast, 66% to hit)
You throw a boomerang.
The boomerang hits Crazy Yiuf but does no damage.
Crazy Yiuf is moderately wounded.
Crazy Yiuf hits you with a +3 quarterstaff of chaos.
You feel your power leaking away.
Crazy Yiuf hits you with a +3 quarterstaff of chaos.
Crazy Yiuf burns you. You block Crazy Yiuf's attack.
You closely miss Crazy Yiuf.
Crazy Yiuf is moderately wounded.
Crazy Yiuf screams, "Gnoll pontify bag!"
Crazy Yiuf hits you with a +3 quarterstaff of chaos.
Crazy Yiuf freezes you.
Crazy Yiuf hits you with a +3 quarterstaff of chaos!
Ouch! That really hurt!
You die...

#.# #.# ##.#####.#
#........# #.......##
#.......# #######.##
♣♣♣♣♣### ####..# ##
♣♣♣.♣....## # #.###.#
...#♣..♣......##
####...#.#
...g@♣♣♣♣......#
...##..#.# )..#♣♣ ♣♣.....#
.#.#.....# ## ♣♣##..#
.#.#.....# #.## .#.#.....#
#.# ##.#.....## ##.#
.#.#####..# #..#
##.....#..###### #.##
.#####.#.......#########.#


You could see Crazy Yiuf (fast).

Vanquished Creatures
  An adder (D:2)
  An orc (D:3)
  6 ball pythons
  4 bats
  2 endoplasms (D:3)
  3 goblins
  3 hobgoblins
  3 quokkas
  2 frilled lizards (D:2)
  2 kobolds
  5 rats
32 creatures vanquished.

Notes
Turn   | Place    | Note
-------+----------+-------------------------------------------
     0 | D:1      | voltaire321 the Kobold Hunter began the quest for the Orb.
     0 | D:1      | Reached XP level 1. HP: 12/12 MP: 1/1
    45 | D:1      | Found Paamp's Antique Armour Emporium.
   279 | D:1      | Found a faded altar of an unknown god.
   560 | D:1      | Reached XP level 2. HP: 18/18 MP: 2/2
  1248 | D:2      | Reached XP level 3. HP: 3/22 MP: 3/3
  1803 | D:2      | Found an ancient bone altar of Kikubaaqudgha.
  2337 | D:3      | Found a bloodstained altar of Trog.
  2337 | D:3      | Found a stormy altar of Qazlal.
  2813 | D:3      | Found a runed translucent door.
  2816 | D:3      | Noticed Crazy Yiuf
  2822 | D:3      | Slain by Crazy Yiuf

Illustrated notes

Levels and vault maps discovered:
D:1:      amcnicky_arrival_choice, layout_basic, basic_ecumenical_altar,
          serial_shops, nicolae_shop_temple_entry_statues_fountains
D:2:      layout_loops_ring, basic_altar
D:3:      layout_rooms, gammafunk_temple_overflow_wave, serial_co_window_serial,
          co_window_of_opportunity_a, co_window_of_opportunity_a,
          co_window_corner_a, co_window_paths_b, co_window_paths_a,
          co_window_broadway_c, co_window_corner_ca, co_window_2corner,
          co_window_2corner, co_window_of_opportunity_c, glass_columns_b,
          glass_columns_a, glass_columns_a, glass_columns_c, glass_columns_c,
          uniq_jessica, uniq_ijyb, uniq_crazy_yiuf_cottage

Skill      XL: |  1  2 |
---------------+-------+-----
Stealth        | 2 |  2.7
Dodging        | 3 |  3.1
Fighting       | |  2.8
Throwing       | |  4.7
Shields        | |  0.1

Action                   || total
-------------------------++-------
Melee: Short sword       ||    54
Throw: Boomerang         ||    50
  Use: Scroll            ||     2
 Stab: Sleeping          ||     4
Armor: Leather armour    ||    10
Dodge: Dodged            ||    54
Block: Kite shield       ||     3
